 Dungeon Crawl Stone Soup version 0.22-a0-619-ga0c6fd2 (webtiles) character file.

69 digijack the Covered (level 4, -5/29 HPs)
             Began as a Gargoyle Fighter on July 14, 2018.
             Slain by Sigmund
             ... wielding a +0 scythe
              (11 damage)
             ... on level 2 of the Dungeon.
             The game lasted 00:07:24 (1121 turns).

digijack the Covered (Gargoyle Fighter)             Turns: 1121, Time: 00:07:25

Health: -5/29      AC: 12    Str: 25    XL:     4   Next: 20%
Magic:  4/4        EV:  7    Int:  8    God:
Gold:   58         SH: 10    Dex: 10    Spells: 3/3 levels left

rFire    . . .     SeeInvis .   a - +1 flail
rCold    . . .     Gourm    .   c - +0 shield
rNeg     + . .     Faith    .   b - +0 scale mail
rPois    ∞         Spirit   .   e - +1 helmet
rElec    +         Reflect  .   (no cloak)
rCorr    .         Harm     .   (no gloves)
MR       .....                  (no boots)
Stlth    ..........             (no amulet)
HPRegen  0.09/turn              (no ring)
MPRegen  0.09/turn              (no ring)

@: mighty
A: negative energy resistance 1, electricity resistance, unbreathing,
petrification resistance, rot immunity, AC +3
a: no special abilities


You were on level 2 of the Dungeon.
You were not hungry.

You visited 1 branch of the dungeon, and saw 2 of its levels.

You collected 58 gold pieces.

Inventory:

Hand Weapons
 a - a +1 flail (weapon)
Missiles
 h - 114 stones (quivered)
Armour
 b - a +0 scale mail (worn)
 c - a +0 shield (worn)
 e - a +1 helmet (worn)
Scrolls
 i - 2 scrolls of identify
Potions
 d - a potion of might
Comestibles
 f - a ration
 g - 2 chunks of flesh


   Skills:
 + Level 3.9 Fighting
 + Level 2.7 Maces & Flails
 + Level 3.9 Armour
 + Level 3.9 Shields


You had 3 spell levels left.
You didn't know any spells.
Your spell library was empty.

Dungeon Overview and Level Annotations

Branches:
Dungeon (2/15)

Altars:

Annotations:
D:2 Sigmund


Innate Abilities, Weirdness & Mutations

You are resistant to torment.
Your stone body is resilient. (AC +3)
You are immune to poison.
You resist negative energy. (rN+)
You are resistant to electric shocks. (rElec)
You can survive without breathing.
You are immune to petrification.
You are immune to rotting.


Message History

You miss something. Something hits you but does no damage.
You barely miss something. Something hits you but does no damage.
You miss something. You miss something.
You hear some strange, mumbled words.
A puff of flame appears from out of thin air!
The puff of flame hits you!
You hear some strange, mumbled words.
Something tries to affect you, but you resist.
You closely miss something. Something hits you.
You closely miss something. Something hits you!
* * * LOW HITPOINT WARNING * * *
Okay, then.
You feel very mighty all of a sudden.
You completely miss something. You block something's attack.
You miss something. Something hits you but does no damage.
You barely miss something. Something hits you but does no damage.
You bludgeon something!! You block something's attack.
You completely miss something. Something hits you!
You die...

#..............# **,* ***
####÷###.......# *,* #.#
#.......# *,****** #.# #.......#
*,,*,,,,
#######'###.....†.######***,*,,,,
.........#######†.......,,*,,,,,,
####.....# #.#......,,**,,,,,
#.....# #.#......,,**,,,,,
#.....# #@#......,,**,****
#.....# ****#{#,....[,,**,**
#.....# *,,,...,....#*,**,,*
####### *,,.....,...#*,***,**
******** *,.......,,,**,* *,,*
*,,,,,,* *.........****,* **,**
*,,,,,,* #......$..# *,****,,*
*,,,,,,* *#####.##### *,,,,,,,,
*,,,,,,* *,,,,,,* *******,*


There were no monsters in sight!

Vanquished Creatures
  3 adders (D:2)
  A worm (D:2)
  A dart slug (D:1)
  A leopard gecko (D:1)
  A giant cockroach (D:2)
  5 goblins
  2 hobgoblins (D:1)
  6 kobolds (D:1)
  9 bats
  6 frilled lizards
  4 rats
39 creatures vanquished.

Notes
Turn   | Place    | Note
-------+----------+-------------------------------------------
     0 | D:1      | digijack the Gargoyle Fighter began the quest for the Orb.
     0 | D:1      | Reached XP level 1. HP: 14/14 MP: 1/1
    45 | D:1      | Reached XP level 2. HP: 17/19 MP: 2/2
   105 | D:1      | You fall through a shaft!
   332 | D:1      | Reached XP level 3. HP: 21/23 MP: 3/3
   947 | D:2      | Reached XP level 4. HP: 22/29 MP: 4/4
  1103 | D:2      | Noticed Sigmund
  1121 | D:2      | Slain by Sigmund

Vault maps used:
D:1:      erik_arrival_cave_to_civilisation
D:2:      first_ration, uniq_sigmund

Action                   |  1- 3 |  4- 6 || total
-------------------------+-------+-------++-------
Melee: Flail             |   129 |    27 ||   156
  Use: Scroll            |     4 |     1 ||     5
       Potion            |       |     3 ||     3
  Eat: Chunk             |       |     1 ||     1
Armor: Scale mail        |    73 |    12 ||    85
Dodge: Dodged            |    45 |     1 ||    46
Block: Shield            |    72 |    10 ||    82

Table legend:
 A = Spawn XP
 B = Non-spawn XP
 C = Spawn XP percentage of total XP
 D = Spawn monster count
 E = Non-spawn monster count
 F = Spawn count percentage of total count
 G = Total turns spent on level
                    A         B        C        D         E        F      G
               +---------+---------+-------+---------+---------+-------+---------
         Total |       0 |      99 |   0.0 |       0 |      39 |   0.0 |  1121
               +---------+---------+-------+---------+---------+-------+---------
           D:1 |       0 |      43 |   0.0 |       0 |      27 |   0.0 |   879
           D:2 |       0 |      56 |   0.0 |       0 |      12 |   0.0 |   242
               +---------+---------+-------+---------+---------+-------+---------
